 Dungeon Sprint DCSS version 0.21.0-24-g2553a33 (webtiles) character file.

2854 letownia2 the Brawler (level 9, -3/88 (89) HPs)
             Began as a Troll Wizard on Jan 20, 2018.
             Was an Initiate of Gozag.
             Slain by a polar bear (6 damage)
             ... in the Dungeon (Sprint II: "The Violet Keep of Menkaure").
             The game lasted 00:06:24 (757 turns).

letownia2 the Brawler (Troll Wizard)                 Turns: 757, Time: 00:06:25

HP:   -3/88 (89)    AC:  5    Str: 23    XL:     9   Next: 46%
MP:   4/12          EV:  9    Int: 16    God:    Gozag
Gold: 1174          SH:  0    Dex:  6    Spells: 5/14 levels left

rFire    + . .     SeeInvis .     - Unarmed
rCold    + . .     Gourm    +   (no shield)
rNeg     . . .     Faith    .   a - +0 robe
rPois    +         Spirit   .   b - +0 hat
rElec    .         Reflect  .   (no cloak)
rCorr    .         Harm     .   (gloves unavailable)
MR       .....     NoTele   +   (boots unavailable)
Stlth    +.........             (no amulet)
HPRegen  0.64/turn              l - ring "Jov Pok" {+Blink rPois rF+ rC+ Dex-2} (curse)
MPRegen  0.13/turn              (no ring)

@: mighty, gold aura, very slightly contaminated
A: large, unfitting armour, claws 3, fast metabolism 3, gourmand, regeneration
1, shaggy fur 1, tough skin 2
a: Potion Petition, Call Merchant, Bribe Branch, Renounce Religion, Evoke Blink


You were in the Dungeon.
You worshipped Gozag.
Gozag was most pleased with you.
You were not hungry.

You visited 1 branch You collected 1737 gold pieces.
You spent 563 gold pieces at shops.

Inventory:

Armour
 a - a +0 robe (worn)
 b - a +0 hat (worn)
Jewellery
 l - the cursed ring "Jov Pok" (left claw) {+Blink rPois rF+ rC+ Dex-2}
   (You bought it in a shop in the Dungeon)

   [ring of dexterity]

   It affects your dexterity (-2).
   It protects you from fire.
   It protects you from cold.
   It protects you from poison.
   It lets you blink.
   It has a curse placed upon it.
Scrolls
 j - a scroll of blinking
 n - a scroll of fog {unknown}
Potions
 e - a potion of curing
 f - a potion of heal wounds
 g - a potion of haste
 h - 2 potions of magic
 i - a potion of flight
 k - a potion of brilliance
Books
 c - a book of Minor Magic

   Spells                             Type                      Level
   a - Magic Dart                     Conjuration                  1
   b - Blink                          Translocation                2
   c - Call Imp                       Summoning                    2
   d - Slow                           Hexes                        2
   e - Conjure Flame                  Conjuration/Fire             3
   f - Mephitic Cloud                 Conjuration/Poison/Air       3
Comestibles
 d - 2 rations


   Skills:
 - Level 5.8 Fighting
 - Level 1.5 Dodging
 - Level 1.0 Stealth
 + Level 16.3 Unarmed Combat
 - Level 3.2 Spellcasting
 - Level 5.2 Conjurations
   Level 0.6 Summonings
 - Level 3.0 Translocations
 - Level 2.8 Fire Magic
 - Level 2.6 Air Magic
 - Level 3.1 Poison Magic


You had 5 spell levels left.
You knew the following spells:

 Your Spells              Type           Power        Failure   Level  Hunger
a - Magic Dart            Conj           ###.         2%          1    None
b - Blink                 Tloc           N/A          8%          2    ##.....
c - Conjure Flame         Conj/Fire      ###.....     11%         3    ###....
e - Mephitic Cloud        Conj/Pois/Air  ##......     12%         3    ###....


Dungeon Overview and Level Annotations

Branches:
Dungeon (1/1)

Altars:
Cheibriados
Dithmenos
Elyvilon
Fedhas
Gozag
Hepliaklqana
Kikubaaqudgha
Makhleb
Nemelex Xobeh
Okawaru
Qazlal
Ru
Sif Muna
Trog
Uskayaw
Vehumet
Wu Jian
Xom
Yredelemnul
Zin
The Shining One
Beogh
Jiyva
Lugonu

Shops:
D :}%[:!*[=[%?!?=(

Annotations:
D exclusion: oklob plant


Innate Abilities, Weirdness & Mutations

You are too large for most types of armour.
You have claws for hands.
Your metabolism is lightning-fast.
You like to eat raw meat.
Your natural rate of healing is unusually fast.
You are covered in fur. (AC +1)
You have very tough skin. (AC +2)


Message History

Unknown command.
You claw the death drake! Your claw misses the death drake.
The death drake is almost dead.
The polar bear is engulfed in blazing flames.
The polar bear barely misses you. The polar bear claws you.
* * * LOW HITPOINT WARNING * * *
The polar bear claws you but does no damage.
Unknown command.
Unknown command.
Unknown command.
Unknown command.
You claw the death drake!
You kill the death drake!
Your Unarmed Combat skill increases to level 16!
The polar bear is engulfed in blazing flames.
The polar bear bites you!!
* * * LOW HITPOINT WARNING * * *
The polar bear claws you.
You die...
Your body crumbles into a pile of gold. .#.####..## #..# $# ?$!()

$ #'###.##..# +..# .#▓!)"($
#.##...#..# $#..# .#▓?$$$?$$
.<.'.##'..####..##$#▓$??)?%?
#.##...#....###...##▓▓▓▓▓▓▓+
#'###.##......≈≈(≈≈≈≈≈≈≈≈≈≈
.#.####≈≈.....≈#k########+###
.#..#≈≈§≈§≈≈.§≈#h§_._...#t≈≈##
.#.##≈≈§≈§§≈≈.§#@_._._._#§≈§§##
#'##≈≈≈§≈≈≈≈≈≈$#_._._._.#t≈§§§#
$
≈≈≈≈≈≈≈≈≈≈≈≈≈≈≈#._._._._#§§§§§§
$
+#+++#≈≈≈≈≈≈≈§≈#.._._._.#t§≈§§≈
$
S≈§≈≈##≈≈§###§§#..._._._#§§≈≈§§
$ ≈§§§§≈##≈≈
#≈§#...._._.#§§≈≈§§ $ §§≈§§≈≈+
#≈§#....._..#§≈≈≈▓ ≈§§≈≈≈##
≈≈≈≈##########≈§§≈▓z ≈≈≈≈≈##
#####≈≈≈≈≈≈≈≈≈≈≈≈≈▓z


You could see a polar bear (berserk) and a swamp drake.

Vanquished Creatures
  A death drake (D)
  A merfolk siren (D)
  2 polar bears (D)
  2 tyrant leeches (D)
  A hornet (D)
  2 hippogriffs (D)
  A vampire mosquito (D)
  4 necrophages (D)
  2 crocodiles (D)
16 creatures vanquished.

Vanquished Creatures (others)
  A yaktaur (D)
  Menkaure (D)
2 creatures vanquished.

Grand Total: 18 creatures vanquished

Notes
Turn   | Place    | Note
-------+----------+-------------------------------------------
     0 | D        | letownia2 the Troll Wizard began the quest for the Orb.
     0 | D        | Reached XP level 1. HP: 16/16 MP: 2/2
     1 | D        | Noticed a necrophage
     1 | D        | Noticed a necrophage
     1 | D        | Noticed a necrophage
     1 | D        | Noticed a necrophage
    13 | D        | Killed a necrophage
    13 | D        | Reached skill level 6 in Unarmed Combat
    13 | D        | Reached XP level 2. HP: 32/32 MP: 4/4
    13 | D        | Reached XP level 3. HP: 39/39 MP: 5/5
    13 | D        | Reached XP level 4. HP: 48/48 MP: 6/6
    16 | D        | Killed a necrophage
    16 | D        | Reached skill level 5 in Fighting
    16 | D        | Reached skill level 8 in Unarmed Combat
    16 | D        | Reached XP level 5. HP: 57/57 MP: 7/7
    19 | D        | Killed a necrophage
    19 | D        | Reached skill level 10 in Unarmed Combat
    27 | D        | Killed a necrophage
    27 | D        | Reached XP level 6. HP: 49/66 MP: 8/8
    31 | D        | Learned a level 2 spell: Blink
    35 | D        | Learned a level 3 spell: Conjure Flame
    35 | D        | Killed Menkaure
    39 | D        | Learned a level 3 spell: Mephitic Cloud
    61 | D        | Reached skill level 1 in Translocations
    61 | D        | Reached skill level 1 in Fire Magic
    61 | D        | Reached skill level 1 in Air Magic
    61 | D        | Reached skill level 1 in Poison Magic
   120 | D        | Found an iron altar of Okawaru.
   120 | D        | Found an opulent altar of Gozag.
   121 | D        | Found a sparkling altar of Nemelex Xobeh.
   121 | D        | Found a blossoming altar of Fedhas.
   122 | D        | Found a radiant altar of Vehumet.
   122 | D        | Found a burning altar of Makhleb.
   122 | D        | Found a white marble altar of Elyvilon.
   123 | D        | Found a hide-covered altar of Uskayaw.
   123 | D        | Found a corrupted altar of Lugonu.
   123 | D        | Found a shadowy altar of Dithmenos.
   124 | D        | Found a glowing silver altar of Zin.
   124 | D        | Found a bloodstained altar of Trog.
   124 | D        | Found an ancient bone altar of Kikubaaqudgha.
   125 | D        | Found a basalt altar of Yredelemnul.
   125 | D        | Found a deep blue altar of Sif Muna.
   125 | D        | Found a viscous altar of Jiyva.
   126 | D        | Found a shimmering altar of Xom.
   126 | D        | Found a sacrificial altar of Ru.
   128 | D        | Found a glowing golden altar of the Shining One.
   128 | D        | Found an ornate altar of the Wu Jian Council.
   128 | D        | Found a stormy altar of Qazlal.
   128 | D        | Found a snail-covered altar of Cheibriados.
   128 | D        | Found a hazy altar of Hepliaklqana.
   129 | D        | Found a roughly hewn altar of Beogh.
   132 | D        | Became a worshipper of Gozag Ym Sagoz the Greedy
   153 | D        | Noticed a merfolk siren
   160 | D        | Killed a merfolk siren
   160 | D        | Reached skill level 5 in Conjurations
   160 | D        | Reached XP level 7. HP: 32/73 MP: 8/10
   221 | D        | Found Onunwim's Antique Weapon Shop.
   221 | D        | Found Udweux's Distillery.
   221 | D        | Found Tegiam's Magic Scroll Shop.
   221 | D        | Found Ostruq's Jewellery Boutique.
   221 | D        | Found Mogiupul's Antique Armour Shop.
   221 | D        | Found Jetset's Food Shop.
   221 | D        | Found Wimoit's Assorted Antiques.
   222 | D        | Found Cozia's Distillery.
   222 | D        | Found Guergheol's Book Shop.
   222 | D        | Found Kipidoeck's Antique Armour Boutique.
   222 | D        | Found Qofop's Magic Scroll Shop.
   223 | D        | Found Wuga's Food Shop.
   223 | D        | Found Koluev's Gadget Boutique.
   223 | D        | Noticed an ice dragon
   224 | D        | Found Teoxzoplasch's Jewellery Boutique.
   224 | D        | Found Miqil's Antique Armour Shop.
   224 | D        | Noticed a yak
   225 | D        | Noticed a yak
   225 | D        | Noticed an oklob plant
   226 | D        | Found Eclint's Book Shoppe.
   227 | D        | Noticed a yak
   238 | D        | Bought a potion of lignification for 39 gold pieces
   243 | D        | Bought a yellow potion for 24 gold pieces
   250 | D        | Bought a scroll of identify for 22 gold pieces
   252 | D        | Bought the cursed ring "Jov Pok" {+Blink rPois rF+ rC+ Dex-2} for 401 gold pieces
   278 | D        | Noticed a tyrant leech
   278 | D        | Noticed a tyrant leech
   292 | D        | Killed a tyrant leech
   292 | D        | Reached skill level 11 in Unarmed Combat
   292 | D        | Reached XP level 8. HP: 40/82 MP: 11/11
   296 | D        | Killed a tyrant leech
   436 | D        | Noticed a hippogriff
   436 | D        | Noticed a hippogriff
   440 | D        | Killed a hippogriff
   440 | D        | Reached skill level 12 in Unarmed Combat
   443 | D        | Killed a hippogriff
   443 | D        | Reached skill level 13 in Unarmed Combat
   498 | D        | Bought a potion of flight for 33 gold pieces
   498 | D        | Bought a potion of might for 44 gold pieces
   629 | D        | Noticed a polar bear
   629 | D        | Noticed a yaktaur
   629 | D        | Noticed a hornet
   630 | D        | Noticed a polar bear
   633 | D        | Killed a polar bear
   633 | D        | Reached skill level 14 in Unarmed Combat
   637 | D        | Killed a hornet
   637 | D        | Reached XP level 9. HP: 61/88 MP: 6/12
   637 | D        | Noticed a polar bear
   643 | D        | Killed a polar bear
   643 | D        | Reached skill level 15 in Unarmed Combat
   655 | D        | Noticed a death drake
   743 | D        | Killed a yaktaur
   757 | D        | Killed a death drake
   757 | D        | Reached skill level 16 in Unarmed Combat
   757 | D        | HP: 3/88 [polar bear (18)]
   757 | D        | Slain by a polar bear

Skill      XL: |  1  2  3  4  5  6  7  8  9 |
---------------+----------------------------+-----
Fighting       | 3 5 |  5.8
Unarmed Combat | 6 8 10 11 14 16 | 16.3
Conjurations   | 4 5 |  5.2
Translocations | 2 3 |  3.0
Fire Magic     | 2 |  2.8
Air Magic      | 2 |  2.6
Poison Magic   | 2 3 |  3.1
Spellcasting   | 3 |  3.2
Dodging        | |  1.5
Stealth        | |  1.0
Summonings     | |  0.6

Action                   |  1- 3 |  4- 6 |  7- 9 || total
-------------------------+-------+-------+-------++-------
Melee: Unarmed           |    11 |    31 |    46 ||    88
 Cast: Conjure Flame     |       |       |     6 ||     6
       Mephitic Cloud    |       |       |     2 ||     2
  Use: Potion            |     1 |       |     2 ||     3
       Scroll            |       |       |     1 ||     1
  Eat: Chunk             |       |     5 |       ||     5
Armor: Robe              |     2 |     1 |    12 ||    15
       Skin              |       |       |     5 ||     5
Dodge: Dodged            |     2 |    11 |    16 ||    29
